 Dungeon Crawl Stone Soup version 0.20-a0-1025-g4706f7e (webtiles) character file.

76 JeffiDaFish the Shield-Bearer (level 4, 0/28 HPs)
             Began as a Gargoyle Fighter on Apr 20, 2017.
             Slain by an orc wizard
             ... wielding a +1 dagger of flaming
              (1 damage)
             ... on level 3 of the Dungeon.
             The game lasted 00:05:02 (2080 turns).

JeffiDaFish the Shield-Bearer (Gargoyle Fighter)    Turns: 2080, Time: 00:05:03

Health: 0/28       AC: 11    Str: 24    XL:     4   Next: 32%
Magic:  4/4        EV:  8    Int:  9    God:
Gold:   128        SH:  0    Dex: 10    Spells: 3/3 levels left

rFire    . . .     SeeInvis .   a - +1 flail
rCold    . . .     Gourm    .   c - +0 shield
rNeg     + . .     Faith    .   b - +0 scale mail
rPois    ∞         Spirit   .   (no helmet)
rElec    +         Reflect  .   g - +0 cloak
rCorr    .         Harm     .   (no gloves)
MR       .....                  (no boots)
Stlth    ..........             (no amulet)
Regen    0.1/turn               (no ring)
MPRegen  0.1/turn               (no ring)

@: confused, mighty
A: negative energy resistance 1, electricity resistance, unbreathing,
petrification resistance, rot immunity, AC +3
a: no special abilities


You were on level 3 of the Dungeon.
You were not hungry.

You visited 1 branch of the dungeon, and saw 3 of its levels.

You collected 128 gold pieces.

Inventory:

Hand Weapons
 a - a +1 flail (weapon)
Armour
 b - a +0 scale mail (worn)
 c - a +0 shield (worn)
 g - a +0 cloak (worn)
Scrolls
 e - a scroll of identify
Comestibles
 f - a bread ration
 h - 3 chunks of flesh
 i - 2 royal jellies


   Skills:
 + Level 3.5 Fighting
 + Level 2.6 Maces & Flails
 + Level 3.7 Armour
 + Level 0.8 Dodging
 + Level 4.2 Shields


You had 3 spell levels left.
You didn't know any spells.

Dungeon Overview and Level Annotations

Branches:
Dungeon (3/15)

Altars:


Innate Abilities, Weirdness & Mutations

You are resistant to torment.
Your stone body is resilient. (AC +3)
You are immune to poison.
You resist negative energy. (rN+)
You are resistant to electric shocks. (rElec)
You can survive without breathing.
You are immune to petrification.
You are immune to rotting.


Message History

Something hits you but does no damage.
An orc priest comes into view. It is wielding a short sword.
The orc priest shouts!
You feel very mighty all of a sudden.
The orc priest calls down the wrath of Beogh upon you.
Something hits you. Something burns you.
You're too confused to move!
The orc priest mumbles some strange prayers to Beogh against you.
Beogh smites you!
* * * LOW HITPOINT WARNING * * *
The orc priest looks satisfied for a moment.
Something hits you but does no damage.
You bump into the rock wall.
You hear some strange, mumbled words.
A magic dart appears from out of thin air!
The magic dart hits you!
You hit something but do no damage. Something hits you.
* * * LOW HITPOINT WARNING * * *
Something burns you.
You die...

....#. #.....
#.... .... ...
#.#
#o#####.#+##
#{o{@......##
#######.....##
##.......##
#.........#
+....<....+
#.........#
##.......##
##.....##
##...##


You could see 2 orc priests.

Vanquished Creatures
  An adder (D:2)
  An ooze (D:2)
  4 dart slugs
  2 leopard geckos (D:1)
  An orc (D:3)
  4 giant cockroaches
  3 goblins
  4 hobgoblins
  11 jackals
  3 kobolds
  A quokka (D:2)
  6 bats (D:1)
  2 frilled lizards
  4 rats
47 creatures vanquished.

Notes
Turn   | Place    | Note
-------+----------+-------------------------------------------
     0 | D:1      | JeffiDaFish the Gargoyle Fighter began the quest for the Orb.
     0 | D:1      | Reached XP level 1. HP: 14/14 MP: 1/1
   184 | D:1      | Reached XP level 2. HP: 19/19 MP: 2/2
   533 | D:1      | Reached XP level 3. HP: 22/23 MP: 3/3
  1048 | D:2      | Reached skill level 4 in Shields
  1632 | D:2      | Reached XP level 4. HP: 24/28 MP: 4/4
  2080 | D:3      | HP: 1/28 [something (2)]
  2080 | D:3      | Slain by an orc wizard

Vault maps used:
D:1:      ncdulo_halloftheorcs, st_stairs_9
D:2:      minmay_misc_feat_rows, grunt_ministairs_15, kennysheep_cross_room
D:3:      nrook_mini_backslash, dk_noncrumbling_4, uniq_natasha, uniq_iyjb

Skill      XL: |  1  2  3 |
---------------+----------+-----
Shields        | 4 |  4.2
Fighting       | |  3.5
Maces & Flails | |  2.6
Armour         | |  3.7
Dodging        | |  0.8

Action                   |  1- 3 |  4- 6 || total
-------------------------+-------+-------++-------
Melee: Flail             |   169 |    30 ||   199
  Use: Scroll            |     4 |       ||     4
       Potion            |     2 |     1 ||     3
  Eat: Chunk             |     3 |     1 ||     4
Armor: Scale mail        |   184 |    28 ||   212
Dodge: Dodged            |    90 |    10 ||   100
Block: Shield            |   140 |    21 ||   161
